 Dungeon Crawl Stone Soup version 0.22-b1-21-g5cfc168 (webtiles) character file.

13490 Gorglomux the Thaumaturge (level 11, 0/97 HPs)
             Began as a Demigod Ice Elementalist on Aug 4, 2018.
             Slain by a wolf (2 damage)
             ... on level 1 of the Lair of Beasts.
             The game lasted 00:28:37 (15463 turns).

Gorglomux the Thaumaturge (DgIE)                   Turns: 15463, Time: 00:28:38

Health: 0/97       AC: 11    Str: 13    XL:     11   Next: 48%
Magic:  8/38       EV: 15    Int: 23    God:
Gold:   819        SH:  0    Dex: 16    Spells: 6/29 levels left

rFire    . . .     SeeInvis .   C - +0 dagger (venom)
rCold    . . .     Gourm    .   (no shield)
rNeg     . . .     Faith    .   a - +0 robe
rPois    .         Spirit   .   y - -1 helmet of Piegy {rElec Regen+}
rElec    +         Reflect  .   L - +0 cloak
rCorr    .         Harm     .   (no gloves)
MR       +....                  B - +0 pair of boots
Stlth    ++........             (no amulet)
HPRegen  0.66/turn              l - ring of wizardry
MPRegen  0.26/turn              F - ring of magical power

@: icy armour
A: high mp 1
a: no special abilities


You were on level 1 of the Lair of Beasts.
You were not hungry.

You visited 2 branches of the dungeon, and saw 13 of its levels.

You collected 819 gold pieces.

Inventory:

Hand Weapons
 C - a +0 dagger of venom (weapon)
Missiles
 j - a silver javelin (quivered)
 Z - 2 throwing nets
Armour
 a - a +0 robe (worn)
 y - the -1 helmet of Piegy (worn) {rElec Regen+}
   (You found it on level 3 of the Dungeon)

   It insulates you from electricity.
   It increases your rate of regeneration.
 B - a +0 pair of boots (worn)
 K - a +0 large shield
 L - a +0 cloak (worn)
Jewellery
 l - a ring of wizardry (left hand)
 s - an uncursed ring of see invisible
 F - a ring of magical power (right hand)
 I - an uncursed ring of ice
 J - a cursed -5 ring of strength {unknown}
Wands
 D - a wand of digging (2)
 P - a wand of paralysis (16)
 S - a wand of scattershot (6)
Scrolls
 f - a scroll of noise
 m - 2 scrolls of fear {unknown}
 p - 2 scrolls of enchant armour {unknown}
 r - 2 scrolls of immolation
 v - a scroll of enchant weapon {unknown}
 z - 3 scrolls of remove curse
 G - a scroll of torment {unknown}
 M - a scroll of magic mapping
 R - a scroll of identify
 T - 2 scrolls of teleportation
 W - a scroll of amnesia {unknown}
Potions
 i - 3 potions of agility
 w - a potion of lignification
 A - a potion of berserk rage
 E - 2 potions of magic
 N - a potion of brilliance
 O - 2 potions of haste
 Q - a potion of curing
 U - a potion of mutation {!q}
 V - 4 potions of flight
 X - 2 potions of heal wounds
 Y - a potion of might
Miscellaneous
 H - a lightning rod (inert)
Comestibles
 c - 23 rations
 x - 6 chunks of flesh


   Skills:
 + Level 9.5 Fighting
 - Level 5.0 Dodging
 - Level 1.7 Stealth
 + Level 9.9 Spellcasting
 - Level 4.0 Conjurations
 + Level 1.8 Hexes
 - Level 2.0 Charms
 - Level 4.0 Summonings
 + Level 1.9 Transmutations
 - Level 6.1 Ice Magic
 + Level 2.0 Earth Magic


You had 6 spell levels left.
You knew the following spells:

 Your Spells              Type           Power        Failure   Level  Hunger
a - Freeze                Ice            ####         1%          1    None
b - Throw Frost           Conj/Ice       ####..       1%          2    None
c - Throw Icicle          Conj/Ice       ####....     2%          4    ##.....
d - Summon Ice Beast      Ice/Summ       ####....     2%          4    ##.....
e - Passwall              Tmut/Erth      ###.....     1%          2    None
f - Petrify               Tmut/Erth      ###.....     11%         4    ##.....
h - Ozocubu's Armour      Chrm/Ice       ####....     1%          3    None
x - Confuse               Hex            ###.....     3%          3    None

Your spell library contained the following spells:

 Spells                   Type           Power        Failure   Level  Hunger
 Magic Dart               Conj           ####         1%          1    None
 Tukima's Dance           Hex            ###.....     3%          3    None
 Stone Arrow              Conj/Erth      ####..       1%          3    None
 Ensorcelled Hibernation  Hex/Ice        ####..       1%          2    None
 Corona                   Hex            ###....      1%          1    None
 Lee's Rapid Deconstruct  Erth           ###.......   26%         5    ####...
 Sandblast                Erth           ###...       1%          1    None
 Dazzling Spray           Conj/Hex       ###...       2%          3    None


Dungeon Overview and Level Annotations

Branches:
Dungeon (12/15)            Temple (0/1) D:7            Lair (1/6) D:11
    Orc (0/2) D:9

Shops:
D:6 :

Annotations:
D:4 exclusion: ogre
D:7 1 runed door, wojtek's ghost, novice MiFi


Innate Abilities, Weirdness & Mutations

You have an increased reservoir of magic. (+10% MP)


Message History

The wolf completely misses you! The wolf bites you!
The wolf bites you!!! * * * don't die
* * * The wolf bites you! * * * don't die
* * * Your ice beast hits the wolf!
Your ice beast freezes the wolf!!!
The wolf dies!!!
Unknown command!
Butt command!
Unknown command!
Unknown command!
Unknown command!
Casting: Ozocubu's Armour (safe; 1% risk of failure)
Confirm with ! or Enter, or press ? or * to list all spells!
A chill wind blows around you! The wolf bites you!!! * * * don't die
* * * The wolf bites you!!! * * * don't die
* * * The wolf completely misses you!
Your ice beast barely misses the wolf!
The wolf bites you! rip

. #....# .. #>...#
...### ### #..>.#
......####.######....#
......Yh.............#
.......h@YY..........##
.......h†............P#
.....................#
#######P####.P###....##
. ### ######.....# ..
#.....## #... ##
#.....# ....
##.###P....# ....
...........#


You could see 3 wolves and 3 friendly ice beasts.

Vanquished Creatures
  A two-headed ogre (D:8)
  Nergalle (D:9)
  A manticore (D:12)
  A troll (D:10)
  2 hippogriffs
  Prince Ribbit (D:5)
  Sigmund (D:5)
  A shadow (D:11)
  A spriggan (D:8)
  6 yaks
  A hungry ghost (D:11)
  A wyvern (D:11)
  A steam dragon (D:10)
  2 vampire mosquitoes (D:11)
  An acid dragon (D:11)
  2 water moccasins (Lair:1)
  2 black bears
  4 ice beasts
  4 orc warriors
  2 phantoms
  3 eyes of draining
  A wolf (Lair:1)
  8 ogres
  2 crocodiles
  2 centaurs
  2 big kobolds
  15 bullfrogs
  A gnoll sergeant (D:9)
  5 scorpions
  2 killer bees (D:11)
  3 wights (D:11)
  A centaur zombie (D:5)
  A jelly (D:12)
  Crazy Yiuf (D:5)
  A bullfrog skeleton (D:7)
  3 orc priests
  5 hounds
  6 orc wizards
  3 iguanas
  8 worker ants
  2 killer bee zombies
  A hound zombie (D:3)
  5 gnolls
  15 adders
  A shadow imp (D:10)
  3 oozes
  2 worms
  A dart slug (D:2)
  6 leopard geckos
  37 orcs
  3 ball pythons
  5 bats
  7 giant cockroaches
  4 goblins
  17 hobgoblins
  9 jackals
  18 kobolds
  6 quokkas
  9 rats
260 creatures vanquished.

Vanquished Creatures (collateral kills)
  Erolcha (D:10)
  A hydra (Lair:1)
  2 two-headed ogres
  An ugly thing (D:9)
  Joseph (D:7)
  A centaur skeleton (D:11)
  A gargoyle (D:11)
  A hippogriff (D:8)
  8 yaks
  2 vampire mosquitoes (D:11)
  Menkaure (D:7)
  A warg (D:9)
  Duvessa (D:7)
  A porcupine (D:11)
  An ice beast (D:12)
  A black bear (D:8)
  An orc warrior (D:11)
  A phantom (D:10)
  2 wolves (Lair:1)
  An ogre (D:6)
  A crocodile (D:9)
  3 centaurs
  2 big kobolds
  A bullfrog (D:11)
  Dowan (D:7)
  A scorpion (D:12)
  A killer bee (D:11)
  2 wights (D:11)
  A crimson imp (D:9)
  A centaur zombie (D:11)
  An orc priest (D:9)
  3 hounds
  6 orc wizards
  2 bullfrog skeletons
  An iguana (D:5)
  2 worker ants (D:8)
  A worker ant zombie (D:6)
  3 gnolls
  An adder (D:9)
  A leopard gecko (D:6)
  17 orcs
  A goblin (D:9)
  11 kobolds
  A quokka (D:6)
95 creatures vanquished.

Vanquished Creatures (others)
  17 fungi
  2 plants (D:11)
19 creatures vanquished.

Grand Total: 374 creatures vanquished

Notes
Turn   | Place    | Note
-------+----------+-------------------------------------------
     0 | D:1      | Gorglomux the Demigod Ice Elementalist began the quest for the Orb.
     0 | D:1      | Reached XP level 1. HP: 14/14 MP: 5/5
   285 | D:1      | Reached skill level 3 in Ice Magic
   303 | D:1      | Reached XP level 2. HP: 14/20 MP: 2/7
   799 | D:1      | Learned a level 2 spell: Throw Frost
  1287 | D:2      | Reached XP level 3. HP: 17/26 MP: 5/9
  1456 | D:2      | Found a burning altar of Makhleb.
  1458 | D:2      | Found a bloodstained altar of Trog.
  1510 | D:2      | Found a glowing silver altar of Zin.
  1576 | D:2      | Found a white marble altar of Elyvilon.
  1757 | D:2      | Reached XP level 4. HP: 21/33 MP: 6/11
  1758 | D:2      | Reached skill level 3 in Spellcasting
  2244 | D:2      | Learned a level 4 spell: Throw Icicle
  2426 | D:3      | Reached skill level 1 in Conjurations
  2721 | D:3      | Found an ancient bone altar of Kikubaaqudgha.
  2721 | D:3      | Found a deep blue altar of Sif Muna.
  2935 | D:3      | Found a radiant altar of Vehumet.
  2943 | D:3      | Identified Vehumet's Collected Works on Combat Magic
  3097 | D:3      | Got a slimy helmet
  3103 | D:3      | Identified the -1 helmet of Piegy {rElec Regen+} (You found it on level 3 of the Dungeon)
  3167 | D:3      | Reached XP level 5. HP: 38/38 MP: 9/13
  3661 | D:4      | Noticed an ogre
  3672 | D:4      | Learned a level 4 spell: Summon Ice Beast
  3732 | D:4      | Noticed a centaur
  3895 | D:4      | Killed a centaur
  4244 | D:4      | Reached XP level 6. HP: 44/45 MP: 11/15
  4764 | D:5      | Entered Level 5 of the Dungeon
  5004 | D:5      | Found a runed door.
  5311 | D:5      | Reached XP level 7. HP: 20/51 MP: 2/17
  5435 | D:5      | Reached skill level 1 in Fighting
  5577 | D:5      | Learned a level 3 spell: Ozocubu's Armour
  5623 | D:5      | Noticed Sigmund
  5633 | D:5      | Killed Sigmund
  5848 | D:5      | Noticed Prince Ribbit
  5851 | D:5      | Reached skill level 3 in Dodging
  6021 | D:5      | Killed Prince Ribbit
  6021 | D:5      | Reached skill level 6 in Ice Magic
  6398 | D:5      | Noticed Crazy Yiuf
  6399 | D:5      | Killed Crazy Yiuf
  6399 | D:5      | Reached XP level 8. HP: 61/62 MP: 14/19
  6532 | D:6      | Reached skill level 3 in Fighting
  6583 | D:6      | Reached skill level 1 in Summonings
  6683 | D:6      | Reached skill level 1 in Charms
  6773 | D:6      | Found a sparkling altar of Nemelex Xobeh.
  7092 | D:6      | Found a sacrificial altar of Ru.
  7157 | D:6      | Found Duaxtaw's Book Emporium.
  7436 | D:7      | Reached skill level 3 in Conjurations
  7518 | D:7      | Noticed Menkaure
  7541 | D:7      | Killed Menkaure
  7831 | D:7      | Found a blossoming altar of Fedhas.
  7840 | D:7      | Noticed Joseph
  7854 | D:7      | Killed Joseph
  7854 | D:7      | Reached skill level 6 in Spellcasting
  7952 | D:7      | Found a runed door.
  7953 | D:7      | Noticed wojtek's ghost (novice MiFi)
  7997 | D:7      | Reached skill level 3 in Summonings
  7997 | D:7      | Reached XP level 9. HP: 61/71 MP: 21/21
  8052 | D:7      | Found a staircase to the Ecumenical Temple.
  8186 | D:7      | Noticed Duvessa
  8186 | D:7      | Noticed Dowan
  8196 | D:7      | Killed Duvessa
  8202 | D:7      | Killed Dowan
  8724 | D:8      | Noticed a two-headed ogre
  8735 | D:8      | Killed a two-headed ogre
  8906 | D:8      | Noticed a two-headed ogre
  8925 | D:8      | Killed a two-headed ogre
  8925 | D:8      | Reached skill level 6 in Fighting
  9384 | D:9      | Noticed a green ugly thing
  9396 | D:9      | Killed a green ugly thing
  9603 | D:9      | Reached XP level 10. HP: 79/84 MP: 21/26
  9823 | D:9      | Found a staircase to the Orcish Mines.
 10862 | D:10     | Entered Level 10 of the Dungeon
 10865 | D:10     | Noticed Nergalle
 10885 | D:9      | Noticed a spectral orc warlord
 10886 | D:9      | Killed Nergalle
 11770 | D:10     | Noticed a two-headed ogre
 11777 | D:10     | Killed a two-headed ogre
 12334 | D:10     | Noticed Erolcha
 12341 | D:10     | Killed Erolcha
 12491 | D:11     | Reached skill level 9 in Spellcasting
 12925 | D:11     | Reached XP level 11. HP: 95/95 MP: 24/28
 13342 | D:11     | Reached skill level 9 in Fighting
 13891 | D:11     | Learned a level 2 spell: Passwall
 13895 | D:11     | Learned a level 3 spell: Confuse
 13904 | D:11     | Learned a level 4 spell: Petrify
 14234 | D:11     | Found a staircase to the Lair.
 14787 | D:12     | Reached skill level 1 in Earth Magic
 14857 | D:12     | Reached skill level 1 in Hexes
 14857 | D:12     | Reached skill level 1 in Transmutations
 15033 | Lair:1   | Entered Level 1 of the Lair of Beasts
 15324 | Lair:1   | Noticed a five-headed hydra
 15329 | Lair:1   | Killed a five-headed hydra
 15463 | Lair:1   | HP: 2/97 [wolf (9)]
 15463 | Lair:1   | Slain by a wolf

Skill      XL: |  1  2  3  4  5  6  7  8  9 10 11 |
---------------+----------------------------------+-----
Spellcasting   | 2 3 4 5 6 7 9 |  9.9
Ice Magic      | 3 4 5 6 |  6.1
Conjurations   | 1 2 3 4 |  4.0
Dodging        | 2 3 5 |  5.0
Fighting       | 2 4 6 8 9 |  9.5
Summonings     | 3 4 |  4.0
Charms         | 2 |  2.0
Earth Magic    | 2 |  2.0
Hexes          | 1 |  1.8
Transmutations | 1 |  1.9
Stealth        | |  1.7

Action                   |  1- 3 |  4- 6 |  7- 9 | 10-12 || total
-------------------------+-------+-------+-------+-------++-------
Melee: Unarmed           |    19 |    67 |       |       ||    86
       Dagger            |       |    10 |   272 |   368 ||   650
Throw: Javelin           |     3 |     2 |     2 |       ||     7
 Cast: Freeze            |    66 |    99 |    25 |    23 ||   213
       Throw Frost       |       |     4 |    10 |     3 ||    17
       Throw Icicle      |       |    14 |    32 |   133 ||   179
       Summon Ice Beast  |       |     7 |    39 |    60 ||   106
       Ozocubu's Armour  |       |       |     3 |     9 ||    12
       Confuse           |       |       |       |     3 ||     3
Evoke: Lightning rod     |       |       |       |     4 ||     4
  Use: Potion            |       |     2 |       |       ||     2
       Scroll            |       |     1 |       |    16 ||    17
 Stab: Sleeping          |     1 |     3 |     5 |     2 ||    11
       Distracted        |       |     1 |       |     3 ||     4
  Eat: Chunk             |     3 |    14 |    24 |    24 ||    65
       Ration            |       |       |       |     3 ||     3
Armor: Robe              |    16 |    30 |    53 |    62 ||   161
       Skin              |       |     4 |     4 |       ||     8
Dodge: Dodged            |    42 |   118 |   225 |   348 ||   733
